 Dungeon Crawl Stone Soup version 0.30.0-29-ga12c61a403 (webtiles) character file.

Game seed: 7512637407446700670

200 ChadusMaximus the Caller (level 5, -5/35 HPs)
             Began as a Barachi Summoner on June 24, 2023.
             Killed by divine providence
             ... invoked by an orc priest
              (9 damage)
             ... on level 2 of the Dungeon.
             The game lasted 00:04:26 (2741 turns).

ChadusMaximus the Caller (Barachi Summoner)         Turns: 2741, Time: 00:04:26

Health: -5/35      AC:  2    Str:  9    XL:     5   Next: 78%
Magic:  5/10       EV: 12    Int: 18    God:
Gold:   126        SH:  5    Dex: 12    Spells: 5/11 levels left

rFire   . . .        c - +0 short sword
rCold   . . .        (no shield)
rNeg    . . .        a - +0 robe
rPois   .            (no helmet)
rElec   .            l - scarf {repulsion}
rCorr   .            (no gloves)
SInv    .            (no boots)
Will    .....        o - amulet of reflection
Stlth   ++           (no ring)
HPRegen 0.25/turn    (no ring)
MPRegen 0.12/turn

%: repel missiles, reflection
@: unable to hop, on berserk cooldown, attractive, slowed, very slow
A: amphibious, slowness 1, strong legs 1, +LOS
a: Hop


You were on level 2 of the Dungeon.
You visited 1 branch of the dungeon, and saw 3 of its levels.

You collected 126 gold pieces.

Inventory:

Hand Weapons
 c - a +0 short sword (weapon)
 j - a +0 long sword
 s - a +0 halberd
Armour
 a - a +0 robe (worn)
 l - a scarf of repulsion (worn)
 q - a +0 kite shield
Jewellery
 o - an amulet of reflection (around neck)
Scrolls
 d - a scroll of blinking {unknown}
 e - a scroll of brand weapon {unknown}
 g - 2 scrolls of magic mapping {unknown}
 h - a scroll of fog {unknown}
 m - 2 scrolls of identify {unknown}
 n - a scroll of fear {unknown}
 p - a scroll of enchant armour {unknown}
 r - 2 scrolls of teleportation {unknown}
Potions
 b - a potion of magic
 k - a potion of curing {unknown}


   Skills:
 - Level 2.2 Dodging
 - Level 1.8 Stealth
 + Level 3.7 Spellcasting
 * Level 7.2 Summonings


You had 5 spell levels left.
You knew the following spells:

 Your Spells              Type           Power      Damage    Failure   Level
a - Summon Small Mammal   Summ           100%       N/A       1%          1
b - Call Canine Familiar  Summ           29%        N/A       2%          3
c - Call Imp              Summ           58%        N/A       1%          2

Your spell library contained the following spells:

 Spells                   Type           Power      Damage    Failure   Level
 Summon Guardian Golem    Hex/Summ       16%        N/A       11%         3
 Kiss of Death            Conj/Necr      12%        2d6       16%         1
 Blink                    Tloc           6%         N/A       22%         2
 Lesser Beckoning         Tloc           6%         N/A       22%         2
 Momentum Strike          Conj/Tloc      6%         3d8       22%         2
 Summon Lightning Spire   Summ/Air       16%        N/A       34%         4
 Confusing Touch          Hex            3%         N/A       41%         3
 Dispel Undead            Necr           3%         3d7       83%         4
 Manifold Assault         Tloc           3%         N/A       83%         4
 Storm Form               Tmut/Air       1%         N/A       100%        7
 Borgnjor's Revivificati  Necr           1%         N/A       100%        8
 Necromutation            Tmut/Necr      1%         N/A       100%        8
 Death's Door             Necr           1%         N/A       100%        9


Dungeon Overview and Level Annotations

Branches:
Dungeon (3/15)

Altars:
Kikubaaqudgha


Innate Abilities, Weirdness & Mutations

You are amphibious.
You cover ground slowly.
You can hop short distances.
You have an extended range of vision and can be seen from far away.


Message History

The orc priest shouts!
The orc priest calls down the wrath of Beogh upon you.
Beogh smites you!
* * * LOW HITPOINT WARNING * * *
Okay, then.
It was a potion of attraction.
You feel attractive to monsters. The orc priest is attracted toward you.
It was a potion of berserk rage.
A red film seems to cover your vision as you go berserk!
You feel yourself moving faster!
You feel mighty!
The orc priest miscasts a cantrip.
Something hits your hound.
You feel a strong urge to attack something.
The orc priest closely misses you.
Your hound bites the orc wizard.
The orc wizard is attracted toward you.
The orc priest mumbles some strange prayers to Beogh against you.
Pain shoots through your body!
* * * LOW HITPOINT WARNING * * *
The orc priest is attracted toward you. The orc wizard is attracted toward you.
You feel your anger nearly subside.
You are no longer berserk.
You are exhausted.
You feel yourself slow down.
There is an escape hatch in the ceiling here.
Unknown command.
Your hound seems less confused.
You block the orc priest's attack. You block the orc wizard's attack.
Your hound closely misses the orc wizard.
The orc priest is attracted toward you. A mysterious force pulls you upwards.
The hatch slams shut behind you.
Reactivating autopickup.
You closely miss the orc wizard.
The orc wizard is severely wounded.
You block the orc priest's attack.
The orc wizard mumbles some strange words.
The orc wizard flickers and vanishes!
Deactivating autopickup; reactivate with Ctrl-A.
The orc priest mumbles some strange prayers to Beogh against you.
Beogh smites you!
You die...

.# #....####........)..#..##.###
.# #....#.........)............#
.###....#......###.._.....##.#.#
.#.........)...###........##.#.#
.............................#.#
.#.#...........#.....####.####.##
...#............................#
#..............{.o...####.####..#
............###.@...............#
#...........# #......####.###...#
#...........# ##.....####.###...#
#...........# #...........##...#
#######.##### ####........##....
......#.# #........##..##
......#.# #........##....
......#.####### #........##...#
......#.......# #........##....


You could see an orc priest.

Vanquished Creatures
  2 dart slugs (D:1)
  2 orcs (D:3)
  2 ball pythons
  4 endoplasms
  2 giant cockroaches (D:1)
  3 goblins
  3 hobgoblins
  3 jackals (D:2)
  A quokka (D:1)
  8 bats
  4 frilled lizards
  2 kobolds
  5 rats
41 creatures vanquished.

Vanquished Creatures (collateral kills)
  An orc warrior (D:2)
  An orc priest (D:3)
  An adder (D:2)
  5 orcs (D:3)
  2 goblins
  3 hobgoblins
  A jackal (D:2)
  3 kobolds
  A bat (D:3)
  A rat (D:3)
19 creatures vanquished.

Grand Total: 60 creatures vanquished

Notes
Turn   | Place    | Note
-------+----------+-------------------------------------------
     0 | D:1      | ChadusMaximus the Barachi Summoner began the quest for the
                  | Orb.
     0 | D:1      | Reached XP level 1. HP: 13/13 MP: 3/3
   126 | D:1      | Reached skill level 5 in Summonings
   126 | D:1      | Reached XP level 2. HP: 6/19 MP: 1/5
   455 | D:1      | Found a faded altar of an unknown god.
   573 | D:1      | Reached XP level 3. HP: 22/24 MP: 6/6
  1245 | D:2      | Found an ancient bone altar of Kikubaaqudgha.
  1372 | D:2      | Learned a level 3 spell: Call Canine Familiar
  1375 | D:2      | Learned a level 2 spell: Call Imp
  1433 | D:2      | Reached skill level 6 in Summonings
  1520 | D:2      | Reached XP level 4. HP: 28/30 MP: 8/8
  2144 | D:3      | Noticed an orc warrior
  2569 | D:2      | Killed an orc warrior
  2570 | D:2      | Reached skill level 7 in Summonings
  2570 | D:2      | Reached XP level 5. HP: 29/35 MP: 0/10
  2741 | D:2      | Killed from afar by an orc priest

Illustrated notes

Levels and vault maps discovered:
D:1:      evilmike_arrival_crescent, layout_loops_ring,
          dilly_ecumenical_altar_fadedgnrine
D:2:      layout_basic, basic_altar
D:3:      layout_rooms

Skill      XL: |  1  2  3  4 |
---------------+-------------+-----
Summonings     | 5 6 7 |  7.2
Spellcasting   | 3 |  3.7
Dodging        | |  2.2
Stealth        | |  1.8

Action                     |  1- 3 |  4- 6 || total
---------------------------+-------+-------++-------
  Melee: Short sword       |    76 |     1 ||    77
         Unarmed           |     3 |       ||     3
         Punch             |     2 |       ||     2
         Long sword        |    49 |    19 ||    68
   Cast: Summon Small Mamm |    14 |     1 ||    15
         Call Imp          |     1 |     6 ||     7
         Call Canine Famil |       |    10 ||    10
Ability: Hop               |       |     2 ||     2
    Use: Potion            |       |     2 ||     2
   Stab: Sleeping          |     4 |     1 ||     5
 Armour: Robe              |    32 |     6 ||    38
  Dodge: Dodged            |   115 |    18 ||   133
  Block: Other             |       |    11 ||    11
         Reflection        |       |     1 ||     1
